 Dungeon Crawl Stone Soup version 0.30-a0-930-gb9d0489357 (webtiles) character file.

Game seed: 13554395675582768622

3112 mopl the Carver (level 9, -3/69 HPs)
             Began as a Merfolk Fighter on Mar 23, 2023.
             Was a Believer of Okawaru.
             Slain by a fire elemental (11 damage)
             ... summoned by a deep elf pyromancer
             ... on level 7 of the Dungeon.
             The game lasted 00:11:51 (8073 turns).

mopl the Carver (Merfolk Fighter)                   Turns: 8073, Time: 00:11:51

Health: -3/69      AC:  6    Str: 20    XL:     9   Next: 91%
Magic:  20/20      EV: 11    Int:  7    God:    Okawaru [**....]
Gold:   57         SH:  5    Dex: 14    Spells: 8/8 levels left

rFire   . . .      SeeInvis .    a - +0 long sword
rCold   . . .      Faith    .    c - +0 buckler
rNeg    + . .      Spirit   .    v - +0 scale mail
rPois   .          Reflect  .    (no helmet)
rElec   .          Rampage  .    (no cloak)
rCorr   .                        (no gloves)
Will    .....                    (no boots) Stlth
                                 (no amulet)
HPRegen 0.31/turn                p - ring of magical power
MPRegen 0.17/turn                C - ring of positive energy

@: no status effects
A: (nimble swimmer 2), mertail
a: Renounce Religion, Heroism


You were on level 7 of the Dungeon.
You worshipped Okawaru.
Okawaru was pleased with you.
You visited 2 branches of the dungeon, and saw 8 of its levels.

You collected 267 gold pieces.
You spent 210 gold pieces at shops.

Inventory:

Hand Weapons
 a - a +0 long sword (weapon)
 b - a +1 dagger of draining
Missiles
 t - 3 poisoned darts (quivered)
 A - 4 boomerangs
Armour
 c - a +0 buckler (worn)
 v - a +0 scale mail (worn)
Jewellery
 p - a ring of magical power (left hand)
 z - a ring of wizardry
 C - a ring of positive energy (right hand)
Wands
 o - a wand of flame (15)
Scrolls
 e - 3 scrolls of fog
 f - 2 scrolls of blinking
 g - 7 scrolls of teleportation {unknown}
 h - a scroll of fear {unknown}
 i - 5 scrolls of enchant armour {unknown}
 m - 4 scrolls of identify {unknown}
 r - a scroll of brand weapon {unknown}
 u - a scroll of torment {unknown}
 w - a scroll of poison {unknown}
 y - a scroll of vulnerability {unknown}
 E - a scroll of noise {unknown}
Potions
 d - a potion of might
 j - 2 potions of curing
 k - 3 potions of mutation {unknown}
 l - 3 potions of brilliance {unknown}
 n - 3 potions of heal wounds
 q - 4 potions of lignification {!q}
 s - 2 potions of berserk rage {!q}
 x - a potion of invisibility {unknown}
 B - a potion of magic {unknown}
 D - a potion of flight {unknown}


   Skills:
 + Level 6.0 Fighting
 * Level 11.0 Long Blades
 + Level 4.4 Throwing
 + Level 3.6 Armour
 + Level 4.7 Dodging
 - Level 3.0 Shields
 + Level 3.8 Invocations
 + Level 3.5 Evocations


You had 8 spell levels left.
You didn't know any spells.
Your spell library contained the following spells:

 Spells                   Type           Power      Damage    Failure   Level
 Blink                    Tloc           0%         N/A       95%         2
 Ensorcelled Hibernation  Hex/Ice        0%         N/A       95%         2
 Lesser Beckoning         Tloc           0%         N/A       95%         2
 Momentum Strike          Conj/Tloc      0%         3d8       95%         2
 Passwall                 Tmut/Erth      0%         N/A       95%         2
 Ozocubu's Armour         Ice            0%         N/A       99%         3
 Swiftness                Air            0%         N/A       99%         3
 Manifold Assault         Tloc           0%         N/A       100%        4
 Freezing Cloud           Conj/Ice/Air   0%         6-21      100%        5
 Dispersal                Tloc           0%         N/A       100%        6
 Ozocubu's Refrigeration  Ice            0%         4d7       100%        7
 Disjunction              Tloc           0%         N/A       100%        8
 Polar Vortex             Ice            0%         N/A       100%        9
 Simulacrum               Ice/Necr       Unusable   N/A       N/A         6

Dungeon Overview and Level Annotations

Branches:
Dungeon (7/15)             Temple (1/1) D:5

Altars:
Cheibriados
Elyvilon
Fedhas
Hepliaklqana
Makhleb
Nemelex Xobeh
Okawaru
Trog
Uskayaw
Vehumet
Wu Jian
Xom
Zin

Shops:
D:1 !   D:5 (((==

Annotations:
D:5 1 runed translucent door, alfthe's ghost, amateur HOFi


Innate Abilities, Weirdness & Mutations

((You are very nimble when in or above water. (Stealth+, EV+, Speed+++)))
Your lower body shifts to a powerful aquatic tail in water.


Message History

You barely miss the skeletal warrior.
The skeletal warrior hits you with a +0 long sword!
A sleepcap comes into view.
You are too injured to fight recklessly!
You are too injured to fight recklessly!
You are too injured to fight recklessly!
You are too injured to fight recklessly!
You are too injured to fight recklessly!
The skeletal warrior attacks as you move away!
The skeletal warrior hits you with a +0 long sword!
* * * LOW HITPOINT WARNING * * *
As you read the scroll labelled QEZUNU RAGIU, it crumbles to dust.
The scroll dissolves into smoke.
It was a scroll of fog.
Blink to where?
Press: ? - help, Dir - move target
As you read the scroll labelled HUAKKA DUUFI, it crumbles to dust.
It was a scroll of blinking.
A sky beast comes into view.
A deep elf pyromancer comes into view. It is wielding a staff of cold.
The sky beast hits you but does no damage.
The sky beast attacks as you move away! The sky beast misses you.
The deep elf pyromancer mumbles some strange words.
The sky beast barely misses you. The sky beast attacks as you move away!
You block the sky beast's attack.
The deep elf pyromancer gestures wildly while chanting.
The sky beast attacks as you move away! The sky beast hits you.
* * * LOW HITPOINT WARNING * * *
The sky beast shocks you.
* * * LOW HITPOINT WARNING * * *
The sky beast flickers out of sight!
Deactivating autopickup; reactivate with Ctrl-A.
Something hits you.
* * * LOW HITPOINT WARNING * * *
Something shocks you.
* * * LOW HITPOINT WARNING * * *
You see here 4 large rocks.
The skeletal warrior is engulfed in blazing flames.
There is a stone staircase leading up, spattered with blood here.
The fire elemental hits you. The fire elemental burns you!
You die...

###......####....#
#.....5e....#.##
#......°○...###
#...°...°E...##
#.°.e○##○z.[..#
#°E.☼.##.).°..#####
##..○#.##..○E°...#.##
....○..#...○##E.[...#
..........#####.@....#
.#.....##.# ###....#
##.... .... ###### ##.
......# # ....#.##
.....### .....##
....##


You could see a skeletal warrior, a deep elf pyromancer and 3 fire elementals.

Vanquished Creatures
  A cyclops (D:7)
  Edmund (D:5)
  3 water moccasins
  An ice beast (D:5)
  An ogre (D:4)
  A centaur (D:5)
  A phantom (Temple)
  2 bullfrogs (D:6)
  A gnoll sergeant (D:7)
  2 wyvern zombies (D:7)
  2 scorpions
  3 wights (D:7)
  3 howler monkeys
  5 jellies
  2 centaur zombies (D:7)
  6 hounds
  A gnoll bouda (D:6)
  2 orc priests (D:4)
  A sleepcap (D:5)
  Jessica (D:3)
  4 orc wizards
  7 iguanas
  Ijyb (D:3)
  Natasha (thrice) (D:3)
  A howler monkey zombie (D:7)
  12 adders
  12 gnolls
  A shadow imp (D:7)
  A white imp (D:6)
  2 ufetubi
  A worm (D:2)
  A dart slug (D:3)
  21 orcs
  6 ball pythons
  5 endoplasms
  6 giant cockroaches
  7 hobgoblins
  6 jackals (D:3)
  5 kobolds
  2 quokkas
  10 bats
  4 frilled lizards
  4 goblins
  5 rats
167 creatures vanquished.

Vanquished Creatures (others)
  10 plants (D:7)
10 creatures vanquished.

Grand Total: 177 creatures vanquished

Notes
Turn   | Place    | Note
-------+----------+-------------------------------------------
     0 | D:1      | mopl the Merfolk Fighter began the quest for the Orb.
     0 | D:1      | Reached XP level 1. HP: 18/18 MP: 1/1
   305 | D:1      | Reached skill level 3 in Long Blades
   483 | D:1      | Found Nyus's Distillery.
   489 | D:1      | Reached XP level 2. HP: 19/24 MP: 2/2
   496 | D:1      | Bought a potion of attraction for 42 gold pieces
   882 | D:2      | Reached skill level 4 in Long Blades
   962 | D:2      | Reached XP level 3. HP: 16/29 MP: 3/3
  1271 | D:2      | Reached skill level 5 in Long Blades
  1343 | D:2      | Reached XP level 4. HP: 28/35 MP: 4/4
  1813 | D:3      | Noticed Ijyb
  1844 | D:3      | Killed Ijyb
  1845 | D:3      | Reached skill level 6 in Long Blades
  1845 | D:3      | Reached XP level 5. HP: 26/41 MP: 5/5
  1928 | D:3      | Noticed Natasha
  1934 | D:3      | Killed Natasha
  1938 | D:3      | Noticed Jessica
  1947 | D:3      | Killed Jessica
  2063 | D:3      | Reached skill level 7 in Long Blades
  2095 | D:3      | Reached XP level 6. HP: 40/47 MP: 6/6
  2246 | D:3      | Noticed Natasha
  2255 | D:3      | Killed Natasha
  2395 | D:1      | Bought a potion of degeneration for 14 gold pieces
  2395 | D:1      | Bought a potion of curing for 42 gold pieces
  2764 | D:3      | Noticed Natasha
  2785 | D:3      | Killed Natasha
  3286 | D:4      | Reached skill level 1 in Throwing
  3488 | D:4      | Reached skill level 8 in Long Blades
  3518 | D:4      | Reached skill level 4 in Fighting
  3518 | D:4      | Reached XP level 7. HP: 38/54 MP: 7/7
  3970 | D:1      | Bought a potion of berserk rage for 70 gold pieces
  4017 | D:5      | Entered Level 5 of the Dungeon
  4029 | D:5      | Reached skill level 2 in Throwing
  4282 | D:5      | Found a staircase to the Ecumenical Temple.
  4293 | D:5      | Found Quahi's Antique Weapon Shoppe.
  4302 | Temple   | Entered the Ecumenical Temple
  4364 | Temple   | Became a worshipper of Warmaster Okawaru
  4393 | D:5      | Found a runed translucent door.
  4397 | D:5      | Found Gugot's Jewellery Boutique.
  4437 | D:5      | Reached skill level 1 in Dodging
  4454 | D:5      | Reached skill level 9 in Long Blades
  4505 | D:5      | Noticed alfthe's ghost (amateur HOFi)
  4598 | D:5      | Reached skill level 1 in Evocations
  4598 | D:5      | Reached XP level 8. HP: 45/61 MP: 8/8
  4598 | D:5      | Noticed Edmund
  4649 | D:5      | Killed Edmund
  4650 | D:5      | Reached skill level 1 in Invocations
  4852 | D:5      | Reached skill level 2 in Dodging
  4923 | D:5      | Found Pemoimu's Weapon Boutique.
  4964 | D:5      | Reached skill level 3 in Throwing
  5197 | D:5      | Found Diaditram's Antique Weapon Shop.
  5322 | D:5      | Found Wosikk's Jewellery Shoppe.
  5431 | D:6      | Reached skill level 5 in Fighting
  5576 | D:6      | Reached * piety under Okawaru
  5577 | D:6      | Reached skill level 2 in Invocations
  5577 | D:6      | Reached skill level 2 in Evocations
  5815 | D:6      | Reached skill level 3 in Dodging
  5912 | D:6      | Reached skill level 3 in Armour
  5930 | D:6      | Reached XP level 9. HP: 21/68 MP: 10/10
  6244 | D:6      | Reached skill level 10 in Long Blades
  6531 | D:1      | Bought a potion of lignification for 42 gold pieces
  7026 | D:7      | HP: 2/64 [wight/+0 halberd (5)]
  7243 | D:7      | Reached skill level 3 in Invocations
  7443 | D:7      | Noticed a cyclops
  7509 | D:7      | Killed a cyclops
  7510 | D:7      | Reached skill level 4 in Throwing
  7510 | D:7      | Reached skill level 4 in Dodging
  7510 | D:7      | Reached skill level 3 in Evocations
  7629 | D:7      | Reached ** piety under Okawaru
  7817 | D:7      | Reached skill level 6 in Fighting
  8036 | D:7      | Noticed a skeletal warrior
  8042 | D:7      | Reached skill level 11 in Long Blades
  8043 | D:7      | Noticed a troll
  8060 | D:7      | Noticed a deep elf pyromancer
  8073 | D:7      | Slain by a fire elemental

Illustrated notes

Levels and vault maps discovered:
D:1:      psy_arrival_dodecagon, layout_loops_corners, serial_shops,
          nicolae_lakefront_shop
D:2:      layout_basic, minmay_misc_feat_alley
D:3:      layout_basic, chequers_hall_statues_wall_a, uniq_jessica, uniq_ijyb,
          uniq_natasha
D:4:      layout_loops_ring
D:5:      layout_loops_ring, minmay_temple_entry_statues_pillars, serial_shops,
          shop, nicolae_shop_stone, nicolae_shop_trees, shop,
          nicolae_shop_waterfront, ebering_ghost_reflecting_pool, uniq_edmund
D:6:      minmay_skewed_foursquare, layout_basic
D:7:      layout_cave_pools, nicolae_yredelemnul_corpse_copse,
          nicolae_overflow_hallway_of_the_gods, minmay_shattered_shrine
Temple:   nicolae_temple_ecumenical_triangle

Skill      XL: |  1  2  3  4  5  6  7  8  9 |
---------------+----------------------------+-----
Long Blades    | 3 4 5 6 7 8 9 11 | 11.0
Throwing       | 1 2 3 4 |  4.4
Fighting       | 4 5 6 |  6.0
Dodging        | 1 3 4 |  4.7
Evocations     | 1 2 3 |  3.5
Invocations    | 2 3 |  3.8
Armour         | 3 |  3.6
Shields        | |  3.0

Action                     |  1- 3 |  4- 6 |  7- 9 || total
---------------------------+-------+-------+-------++-------
  Melee: Long sword        |    83 |   243 |   480 ||   806
         Dagger            |       |     4 |    21 ||    25
  Throw: Dart              |       |       |    10 ||    10
 Invoke: Heroism           |       |       |     3 ||     3
  Evoke: Wand              |       |       |    10 ||    10
    Use: Potion            |       |       |     3 ||     3
         Scroll            |       |       |     2 ||     2
 Armour: Scale mail        |    34 |   118 |   133 ||   285
  Dodge: Dodged            |    39 |   122 |   231 ||   392
  Block: Buckler           |    17 |    54 |   107 ||   178

Table legend: (Time is in decaauts)
 A = Elapsed time spent in this place.
 B = Non-inter-level travel time spent in this place.
 C = Inter-level travel time spent in this place.
 D = Time resting spent in this place.
 E = Time spent auto-exploring this place.
 F = Levels seen in this place.
 G = Mean time per level.
                   A        B        C        D        E       F      G
               +--------+--------+--------+--------+--------+-----+--------+
         Total |   8095 |   7505 |    590 |   2282 |   3557 |   8 | 1011.9 |
       Dungeon |   8023 |   7442 |    581 |   2282 |   3523 |   7 | 1146.1 |
        Temple |     71 |     62 |      9 |      0 |     34 |   1 |   71.0 |
               +--------+--------+--------+--------+--------+-----+--------+

Top non-repeatable levels by time:
     D:6: 1604 daAuts
     D:3: 1440 daAuts
     D:5: 1338 daAuts
     D:4: 1077 daAuts
     D:1: 970 daAuts
     D:2: 840 daAuts
     D:7: 752 daAuts
  Temple: 71 daAuts
